 Dungeon Crawl Stone Soup version 0.13.2 (webtiles) character file.

317 Morbidden the Ruinous (level 5, -1/28 HPs)
             Began as a Deep Elf Conjurer on Aug 7, 2020.
             Slain by a giant gecko (4 damage)
             ... on Level 3 of the Dungeon.
             The game lasted 00:10:33 (2585 turns).

Morbidden the Ruinous (Deep Elf Conjurer)           Turns: 2585, Time: 00:10:33

HP  -1/28        AC  4     Str  9      XL: 5   Next: 24%
MP   0/16        EV 11     Int 21      God:
Gold 149         SH  8     Dex 15      Spells:  2 memorised,  7 levels left

Res.Fire  : . . .   See Invis. : .   x - +0,+2 orc dagger (drain)
Res.Cold  : . . .   Warding    : .   q - +0 elf leather armour
Life Prot.: . . .   Conserve   : .   m - +0 buckler
Res.Poison: .       Res.Corr.  : .   (no helmet)
Res.Elec. : .       Clarity    : .   (no cloak)
Sust.Abil.: . .     Spirit.Shd : +   r - +0 pair of gauntlets
Res.Mut.  : .       Stasis     : .   (no boots)
Res.Rott. : .       Flight     : .   s - amulet of guardian spirit
Saprovore : . . .                    (no ring)
                                     l - +4 ring of strength

@: slowed, very slow, slightly resistant to hostile enchantments, fairly
stealthy
A: no striking features
a: no special abilities


You were on level 3 of the Dungeon.
You were not hungry.

You visited 1 branch of the dungeon, and saw 4 of its levels.

You collected 129 gold pieces.

Inventory:

Hand weapons
 x - a +0,+2 orcish dagger of draining (weapon)
Missiles
 y - 3 exploding darts (quivered)
Armour
 m - a +0 buckler (worn)
 q - a +0 elven leather armour (worn)
 r - a +0 pair of gauntlets (worn)
Comestibles
 b - a bread ration
 d - 2 chokos
 n - a meat ration
Scrolls
 e - 3 scrolls of remove curse {unknown}
 f - a scroll of teleportation {unknown}
 i - a scroll of blinking {unknown}
 k - a scroll of curse weapon {unknown}
 o - a scroll of noise {unknown}
 t - a scroll of curse armour {unknown}
 v - a scroll of identify
Jewellery
 l - a +4 ring of strength (left hand)
 s - an amulet of guardian spirit (around neck)
Potions
 a - a potion of paralysis {unknown}
 g - a potion of resistance {unknown}
 h - a potion of brilliance {unknown}
 j - a potion of agility {unknown}
 p - a potion of heal wounds {unknown}
 u - a potion of confusion {unknown}
Books
 c - a book of Conjurations

   Spells                             Type                      Level
   *Magic Dart                        Conjuration                  1
   *Searing Ray                       Conjuration                  2
   Dazzling Spray                     Conjuration/Hexes            3
   Iskenderun's Mystic Blast          Conjuration                  4
   Iskenderun's Battlesphere          Conjuration/Charms           4
   Fulminant Prism                    Conjuration/Hexes            5


   Skills:
 * Level 1.6 Fighting
 * Level 3.2 Dodging
 + Level 2.9 Stealth
 * Level 1.0 Shields
 + Level 0.5 Unarmed Combat
 * Level 3.4 Spellcasting
 + Level 5.2 Conjurations


You had 7 spell levels left.
You knew the following spells:

 Your Spells              Type           Power        Failure   Level  Hunger
a - Magic Dart            Conj           ####         1%          1    None
b - Searing Ray           Conj           ####..       1%          2    ##.....


Dungeon Overview and Level Annotations

Branches:
Dungeon (4/27)
 Temple: D:4-7

Altars:
Elyvilon
Zin
the Shining One


Message History

The orc wizard casts a spell.
The orc wizard seems to speed up.
The giant gecko closely misses you.
The orc wizard mumbles some strange words.
You feel a wave of unholy energy pass over you.
The orc wizard glows brightly for a moment.
The giant gecko bites you.
* * * LOW HITPOINT WARNING * * *
The orc wizard sings a few bars from the Orcish anthem.
The giant gecko bites you.
The orc wizard's eyes start to glow.
The orc wizard gestures wildly while chanting.
You feel troubled.
The orc wizard glows brightly for a moment.
Found an apple.
The giant gecko bites you.
* * * LOW HITPOINT WARNING * * *
There is a stone staircase leading up here.
The giant gecko bites you but does no damage.
The giant gecko bites you.
You die...

## #. #. # #. .#
###.###.# #######
.%.#...
######......
#.#.####....[......
#?@l.oo..>.........
#..ro###...........
#.....###'###......
#.#...# #[# #......
####### ... #......
)...######## %....#
rl....# .......#


You could see 3 orc wizards, a giant gecko and a rat.

Vanquished Creatures
  An orc priest (D:3)
  A worker ant (D:4)
  3 adders
  2 worms (D:2)
  A scorpion zombie (D:3)
  5 giant geckos
  3 orcs
  A ball python (D:2)
  7 bats
  8 goblins
  8 hobgoblins
  3 jackals (D:2)
  8 kobolds
  A quokka (D:2)
  2 giant cockroaches
  6 giant newts
  10 rats
70 creatures vanquished.

Notes
Turn   | Place    | Note
--------------------------------------------------------------
     0 | D:1      | Morbidden, the Deep Elf Conjurer, began the quest for the Orb.
     0 | D:1      | Reached XP level 1. HP: 10/10 MP: 4/4
   110 | D:1      | Reached XP level 2. HP: 13/15 MP: 0/6
   626 | D:1      | Reached XP level 3. HP: 19/19 MP: 7/9
   644 | D:1      | Learned a level 2 spell: Searing Ray
  1011 | D:2      | Reached skill level 5 in Conjurations
  1261 | D:2      | Reached skill level 1 in Fighting
  1403 | D:2      | Found a glowing silver altar of Zin.
  1403 | D:2      | Found a white marble altar of Elyvilon.
  1403 | D:2      | Found a glowing golden altar of the Shining One.
  1665 | D:2      | Reached XP level 4. HP: 24/24 MP: 0/12
  2373 | D:3      | Reached XP level 5. HP: 14/28 MP: 2/15
  2537 | D:4      | Reached skill level 1 in Shields
  2585 | D:3      | Slain by a giant gecko

Action                   |  1- 3 |  4- 6 || total
-------------------------+-------+-------++-------
Melee: Unarmed           |    37 |    17 ||    54
       Dagger            |       |    10 ||    10
 Cast: Magic Dart        |    78 |    41 ||   119
       Searing Ray       |     6 |    10 ||    16
  Use: Scroll            |     3 |       ||     3
       Potion            |     1 |       ||     1
